← All builds
Tech / Armada / Economy first / OBSERVED BUILD

Standard tech

Armada Tech (Eco) build order · Supreme Isthmus

Rushes T2 by 4:15, gets Advanced Metal Extractor around 5:28, hands off T2 constructors to Geo and the team, then scales eco and supplies the team's T2 needs through the rest of the game.

Usually first T2 con to Geo (83%)

#eco #t2 #team support · 1591 distinct matches · 254 players · 60% of Armada Tech games · team won 53% of 1901 · Recently observed

HOW TO PLAY IT

Key timing: T2 factory by 4:15

  1. Open 3 mex and heavy wind to fund a fast T2 rush.
  2. Put down Bot Lab, planning to eat it for reclaim soon after.
  3. Get Advanced Bot Lab up, hitting the T2 factory rush timing.
  4. Upgrade mex to Advanced Metal Extractor to lock in team metal income.
  5. Eat Advanced Bot Lab and keep sending cons to Geo and Pond.

Phase by phase

TYPICAL OF ITS 1591 GAMES
  1. 1
  2. 2
  3. 3
  4. 4
PLAY THE OPENING

Follow the example game's first 6:00 step by step: what to build now, what comes next, and where it goes. At 1× it keeps pace with your own game.

  1. 1

    Up to the Bot Lab

    Economy
    • Metal Extractor3Mex
    • Wind Turbine4Wind
    Order
    1. Bot LabBot Lab after 3 mex, 4 winddone ~1:18, middle half 1:13–1:32

    Some games also: energy storage (31%)

    By 1:01 in all: 3 mex · 4 wind

    The example game in this phase · 3 steps
    1. Mex ×3
    2. Wind ×2
    3. Bot LabBot Labdone 1:03 · typical 1:18
  2. 2

    Bot Lab to Advanced Bot Lab

    Economy
    • Metal Extractor1Mex
    • Wind Turbine8Wind
    • Energy Storage1Energy storage
    Order
    1. Advanced Bot LabAdvanced Bot Lab after 4 mex, 12 wind, 3 con turretdone ~4:16, middle half 4:04–4:30
    Builders
    • Construction Turret3 Con turret
    • Lazarus3 Lazarus
    • Construction Bot2 Con bot
    • Construction Bot1 Con bot for allies

    Some games also: converter (36%)

    By 3:18 in all: 4 mex · 12 wind · 1 energy storage · 3 con turret

    The example game in this phase · 14 steps
    1. LazarusLazarus
    2. Wind ×6
    3. Construction BotCon bot
    4. Wind
    5. LazarusLazarus
    6. Wind
    7. Con turret
    8. Construction BotCon botfor Air
    9. Mex
    10. Wind ×3
    11. Con turret
    12. Wind
    13. Energy storage
    14. Advanced Bot LabAdvanced Bot Labdone 4:08 · typical 4:16
  3. 3

    Advanced Bot Lab to 5:00

    Economy
    • Wind Turbine3Wind
    Order
    1. Bot LabEat Bot Lab
    Builders
    • Advanced Construction Bot1 T2 con bot for allies

    Some games also: converter (35%)

    By 5:00 in all: 4 mex · 15 wind · 1 converter · 1 energy storage · 3 con turret

    The example game in this phase · 4 steps
    1. Bot LabEat Bot Labreclaimed for its metal
    2. Advanced Construction BotT2 con botfor Geo
    3. Advanced Metal ExtractorT2 mexdone 5:27 · typical 5:28
    4. Advanced Construction BotT2 con botfor Air
  4. 4

    5:00 to 10:00

    Economy
    • Wind Turbine43Wind
    • Energy Converter6Converter
    Builders
    • Butler9 Butler
    • Advanced Construction Bot4 T2 con bot for allies
    • Advanced Construction Bot1 T2 con bot

    Some games also: con turret (43%) · Butler for allies (37%)

    By 10:00 in all: 4 mex · 58 wind · 8 converter · 1 energy storage · 3 con turret

    The example game in this phase · 86 steps
    1. Advanced Metal ExtractorT2 mex ×2
    2. GunslingerGunslingerfor Geo seadone 6:24
    3. Advanced Construction BotT2 con botfor Geo sea
    4. ButlerButler ×2for Geo sea
    5. ButlerButler ×3
    6. Advanced Metal ExtractorT2 mex
    7. WelderWelderfor Geo sea
    8. GunslingerGunslingerfor Geo sea
    9. Wind ×2
    10. Advanced Construction BotT2 con botfor Beach sea
    11. Wind ×3
    12. ButlerButler
    13. Wind ×2
    14. ButlerButler
    15. Wind
    16. ButlerButler
    17. Wind
    18. Advanced Construction BotT2 con bot
    19. Wind ×4
    20. Con turret
    21. Wind ×4
    22. Con turret
    23. Wind ×2
    24. Con turret
    25. Wind
    26. WelderWelder
    27. Wind
    28. Con turret
    29. Wind ×2
    30. SprinterSprinter
    31. Wind
    32. SprinterSprinter
    33. Wind ×3
    34. WelderWelder
    35. Wind ×2
    36. WelderWelder
    37. Wind ×3
    38. WelderWelder
    39. Wind
    40. WelderWelder
    41. Wind ×2
    42. WelderWelder
    43. Wind ×5
    44. GunslingerGunslinger
    45. Wind ×5
    46. HoundHound
    47. Wind ×2
    48. HoundHound
    49. Wind
    50. HoundHound
    51. Wind ×4
    52. HoundHound
    53. Wind ×3
    54. HoundHound
    55. Wind ×24
    56. Fusion ReactorFusiondone 13:48
    57. Wind
    58. ButlerButler
    59. Wind ×4
    60. ButlerButler
    61. Wind ×3
    62. ButlerButler
    63. Wind ×4
    64. ButlerButler
    65. Wind ×5
    66. Converter
    67. Wind ×3
    68. T2 converter
    69. Converter
    70. Wind ×2
    71. ButlerButler
    72. Wind ×3
    73. ButlerButler
    74. Wind ×4
    75. ButlerButler
    76. Wind ×2
    77. Con turret
    78. Wind
    79. T2 converter
    80. Wind ×2
    81. Advanced Construction BotT2 con bot
    82. Wind ×2
    83. Con turret
    84. Wind ×3
    85. Con turret
    86. Wind ×2

Counts are medians over the build's games: half of them build more, half fewer. The example game is Afussy's (33 OS, 14/09/2026); pick another.

Team trades

IN AT LEAST 30% OF ITS GAMES

You hand over

  • Construction Bot1 Con bot to Airfirst at 2:23 · in 84% of games
  • Advanced Construction Bot5 T2 con bot to Air or Pond or Geo seafirst at 4:50 · in 99% of games
  • Butler2 Butler to Geo sea or Beach sea or Pondfirst at 9:06 · in 42% of games

You get

  • Hercules1 Light transport from Airfirst at 4:01 · in 86% of games

How it plays out

Typical game of this build, running totals by minute

Metal produced

020k40k
0:005:0010:0015:00

metal

Enemy metal destroyed

050100150
0:005:0010:0015:00

metal

Own metal lost

050100150
0:005:0010:0015:00

metal

1901 games.

Show as table
ByMetal produced: This buildEnemy metal destroyed: This buildOwn metal lost: This build
1:0038300
2:0091500
3:00165200
4:00314400
5:00484800
6:00580200
7:00723000
8:00906500
9:001117900
10:001352400
11:001624200
12:001965200
13:002342800
14:0027285074
15:0031507115130
WHAT THE NUMBERS SAY

Standard Tech play barely fights at all early, instead pouring metal into T2 infrastructure and constructors for the team.

  • + Metal produced hits 31679 by 15:00, by far the highest of any role here.
  • + T2 factory reached in 97% of games by 4:15, fastest and most reliable T2 timing.
  • − Enemy metal destroyed stays at 0 through 10:00, no early offense at all.
  • − Own metal lost also near 0, showing total avoidance of combat risk.
THE EXAMPLE YOU ARE READING

Afussy

33.4 OS · 14/09/2026

Open source match ↗

1 received units
3624 metal received · 86849 energy received

Allied construction assistance is unknown. Timings are observations, not a promise of solo reproducibility.

Typical milestones

Bot Lab1:18Middle 50%: 1:13–1:32 · n=1901
Advanced Bot Lab4:16Middle 50%: 4:04–4:30 · n=1894
Advanced Metal Extractor5:28Middle 50%: 5:05–5:59 · n=1897

Played most by

Amrissa97games of this buildTheGeneraI70games of this buildAdeus57games of this buildEl_Turco55games of this buildKOT_45games of this build